 Dungeon Crawl Stone Soup version 0.31-a0-95-g6fa058ef04 (webtiles) character file.

Game seed: 18099608078292155479

6367 bande the Cleaver (level 10, -1/69 HPs)
             Began as a Gargoyle Fighter on May 26, 2023.
             Was a High Priest of Okawaru.
             Slain by a hornet (7 damage)
             ... on level 9 of the Dungeon.
             The game lasted 00:19:41 (8935 turns).

bande the Cleaver (Gargoyle Fighter)                Turns: 8935, Time: 00:19:42

Health: -1/69      AC: 20    Str: 26    XL:     10   Next: 97%
Magic:  16/16      EV:  9    Int:  7    God:    Okawaru [*****.]
Gold:   491        SH:  5    Dex: 13    Spells: 9/9 levels left

rFire   . . .        p - +2 broad axe (elec)
rCold   . . .        c - +0 buckler
rNeg    + . .        b - +0 scale mail
rPois   ∞            n - +0 helmet
rElec   +            i - +0 cloak
rCorr   .            (no gloves)
SInv    .            f - +1 pair of boots
Will    .....        (no amulet) Stlth
                     e - +6 ring of strength
HPRegen 0.31/turn    A - +4 ring of slaying
MPRegen 0.15/turn

%: no passive effects
@: very slow
A: sickness immunity, AC +7, negative energy resistance 1, electricity
resistance, torment resistance 1, petrification resistance, dopey 1, high MP 1,
mutation resistance 1, robust 1, inability to drink after injury 1
a: Renounce Religion, Heroism, Finesse, Duel


You were on level 9 of the Dungeon.
You worshipped Okawaru.
Okawaru was extremely pleased with you.
You visited 2 branches of the dungeon, and saw 10 of its levels.

You collected 761 gold pieces.
You spent 270 gold pieces at shops.

Inventory:

Hand Weapons
 p - a +2 broad axe of electrocution (weapon)
 v - a +2 flail of protection
 G - a +2 war axe
Missiles
 m - 2 throwing nets (quivered)
Armour
 b - a +0 scale mail (worn)
 c - a +0 buckler (worn)
 f - a +1 pair of boots (worn)
 i - a +0 cloak (worn)
 n - a +0 helmet (worn)
Jewellery
 e - a +6 ring of strength (left hand)
 s - a ring of fire
 u - a ring of positive energy
 A - a +4 ring of slaying (right hand)
 B - a +6 ring of strength
 F - a +6 ring of strength
Wands
 q - a wand of light (5)
 y - a wand of mindburst (4)
 z - a wand of iceblast (11)
 E - a wand of flame (9)
Scrolls
 a - a scroll of enchant weapon
 w - a scroll of teleportation
 D - 2 scrolls of amnesia
 H - a scroll of silence {unknown}
Potions
 d - a potion of might
 g - 2 potions of invisibility
 h - 4 potions of curing
 j - a potion of haste {unknown}
 k - 2 potions of attraction {unknown}
 l - a potion of mutation
 o - a potion of heal wounds {unknown}
 r - 2 potions of cancellation
 t - 3 potions of enlightenment {unknown}
 x - a potion of degeneration {unknown}
 C - a potion of berserk rage {unknown}


   Skills:
 + Level 7.1 Fighting
 + Level 9.6 Axes
 + Level 7.5 Armour
 + Level 5.7 Shields
 * Level 6.3 Invocations
 * Level 5.2 Evocations


You had 9 spell levels left.
You didn't know any spells.
Your spell library contained the following spells:

 Spells                   Type           Power      Damage    Failure   Level
 Sting                    Tmut/Pois      0%         1d3       75%         1
 Poisonous Vapours        Pois/Air       0%         N/A       86%         2
 Olgreb's Toxic Radiance  Pois           0%         N/A       100%        4


Dungeon Overview and Level Annotations

Branches:
Dungeon (9/15)             Temple (1/1) D:4
   Lair: D:8-11         Orc: D:9-12

Altars:
Ashenzari
Dithmenos
Elyvilon
Fedhas
Gozag
Hepliaklqana
Kikubaaqudgha
Makhleb
Nemelex Xobeh
Okawaru
Qazlal
Ru
Sif Muna
Trog
Vehumet
Wu Jian
Xom
Yredelemnul
Zin
The Shining One

Shops:
D:1 *!?   D:3 (   D:7 (

Annotations:
D:4 1 runed translucent door, edwardauron's ghost, amateur DsIE
D:5 2 transporters, Esekla's ghost, weakling OpDe


Innate Abilities, Weirdness & Mutations

You are immune to sickness and miasma.
Your stone body is resilient. (AC +7)
You are immune to poison.
You resist negative energy. (rN+)
You are resistant to electric shocks. (rElec)
You are resistant to unholy torment.
You are immune to petrification.
You are dopey. (Int -2)
You have an increased reservoir of magic. (+10% MP)
You are somewhat resistant to further mutation.
You are robust. (+10% HP)
You occasionally lose the ability to drink potions when taking damage.


Message History

You block the orc warrior's attack.
The hornet stings you but does no damage.
Your unstable footing causes you to fumble your attack.
The hornet stings you. You block the orc's attack.
The orc warrior completely misses you.
The electric eel shoots out a bolt of lightning at you!
The bolt of electricity hits you. You resist.
Unknown command.
Your unstable footing causes you to fumble your attack.
You block the hornet's attack.
The electric eel shoots out a bolt of lightning at you!
The bolt of electricity hits you but does no damage.
You resist.
The orc hits you from afar with a +0 trident.
The orc warrior hits you with a +0 scimitar!
* * * LOW HITPOINT WARNING * * *
The hornet stings you but does no damage.
Your unstable footing causes you to fumble your attack.
The hornet stings you.
* * * LOW HITPOINT WARNING * * *
The orc hits you but does no damage. The orc warrior barely misses you.
The electric eel shoots out a bolt of lightning at you!
The bolt of electricity hits you. You resist.
* * * LOW HITPOINT WARNING * * *
The hornet barely misses you. The orc hits you but does no damage.
The orc warrior hits you but does no damage.
You hit the orc warrior.
Lightning courses through the orc warrior!
You kill the orc warrior!
Okawaru accepts your kill.
You slice the electric eel!!
You kill the electric eel!
Okawaru accepts your kill.
You hear a splash.
You miss the hornet. The hornet stings you.
* * * LOW HITPOINT WARNING * * *
The orc hits you from afar with a +0 trident.
* * * LOW HITPOINT WARNING * * *
The hornet stings you!
You die...

........~≈≈~........~≈≈≈
........~≈≈~........~≈≈~
........~~~~.......~~~~~
........................
........................
........~~~~......≈≈≈~~~
+##....≈~≈≈~.....≈≈≈≈≈.
#..y)≈≈≈≈~....~≈≈≈≈~.
#..)@~≈≈≈~...~†≈≈≈≈..
#.o)†≈~≈≈≈..~~≈≈≈≈~..
#..~≈≈≈≈≈≈~~≈≈≈≈≈~~..
..≈~~~≈≈≈≈≈≈~≈≈≈≈≈≈...
....~≈≈≈≈≈≈≈≈≈≈≈≈≈~≈♣♣..
....~≈≈≈≈≈≈≈≈≈≈≈≈≈~.♣ ..
~...≈≈≈≈≈≈≈≈≈≈≈≈≈≈...
~≈~≈≈≈≈≈≈≈≈≈≈≈≈~≈~..♣~
≈≈≈≈≈≈~.♣..♣~~


You could see a hornet and an orc.

Vanquished Creatures
  A boulder beetle (D:8)
  3 unseen horror zombies (D:8)
  Prince Ribbit (D:7)
  Grinder (D:6)
  A wyvern (D:8)
  3 yaks (D:8)
  2 water moccasins
  An orc warrior (D:9)
  2 hornet zombies (D:8)
  3 ice beasts
  3 black bears
  A sky beast (D:7)
  3 ogres
  4 centaurs
  Blork the orc (D:5)
  5 bullfrogs
  2 gnoll sergeants
  3 scorpions
  12 wights (D:8)
  3 killer bees (D:8)
  6 electric eels (D:9)
  A howler monkey (D:6)
  A crimson imp (D:4)
  A jelly (D:7)
  2 hounds
  A gnoll bouda (D:3)
  2 orc priests (D:3)
  2 sleepcaps
  Ijyb (D:3)
  2 iguanas
  4 orc wizards (D:4)
  2 killer bee zombies (D:8)
  Robin (D:3)
  A howler monkey zombie (D:8)
  8 adders
  11 gnolls
  3 shadow imps
  2 white imps
  A worm (D:4)
  3 dart slugs
  11 orcs
  6 ball pythons
  4 endoplasms
  3 giant cockroaches
  8 hobgoblins
  5 jackals
  2 quokkas
  6 bats
  11 frilled lizards
  8 goblins
  8 kobolds
  4 rats
186 creatures vanquished.

Vanquished Creatures (others)
  2 orcs (D:9)
2 creatures vanquished.

Grand Total: 188 creatures vanquished

Notes
Turn   | Place    | Note
-------+----------+-------------------------------------------
     0 | D:1      | bande the Gargoyle Fighter began the quest for the Orb.
     0 | D:1      | Reached XP level 1. HP: 14/14 MP: 1/1
    79 | D:1      | Reached skill level 2 in Axes
    82 | D:1      | Reached XP level 2. HP: 19/19 MP: 2/2
   290 | D:1      | Found Utsuuluewo's Magic Scroll Shop.
   775 | D:1      | Reached XP level 3. HP: 24/24 MP: 3/3
   791 | D:1      | Found Abamn's Distillery.
   892 | D:1      | Found Waiheosa's General Store.
  1523 | D:2      | Reached XP level 4. HP: 28/29 MP: 4/4
  2023 | D:3      | Reached skill level 3 in Axes
  2183 | D:3      | Reached XP level 5. HP: 33/33 MP: 5/5
  2641 | D:3      | Noticed Robin
  2667 | D:3      | Killed Robin
  2668 | D:3      | Reached skill level 4 in Axes
  2682 | D:3      | Reached XP level 6. HP: 27/39 MP: 6/6
  2812 | D:3      | Found Zusill's Antique Weapon Shoppe.
  2822 | D:3      | Bought a runed broad axe for 147 gold pieces
  2871 | D:3      | Noticed Ijyb
  2874 | D:3      | Killed Ijyb
  3688 | D:4      | Found a staircase to the Ecumenical Temple.
  3691 | D:4      | Found a runed translucent door.
  3695 | Temple   | Entered the Ecumenical Temple
  3760 | Temple   | Became a worshipper of Warmaster Okawaru
  3820 | D:4      | Noticed edwardauron's ghost (amateur DsIE)
  3840 | D:4      | Found an opulent altar of Gozag.
  3865 | D:4      | Found a shimmering altar of Xom.
  3949 | D:4      | Reached XP level 7. HP: 44/44 MP: 7/7
  3956 | D:4      | Identified the +4 robe "Isauhumu" {rN++ Int+2 Stlth+}
  4193 | D:5      | Entered Level 5 of the Dungeon
  4193 | D:5      | Identified the +6 spear of the Mushroom {venom, Str+3}
  4193 | D:5      | Found a transporter.
  4199 | D:5      | Found a transporter.
  4269 | D:5      | Reached skill level 1 in Invocations
  4320 | D:5      | Reached skill level 5 in Axes
  4326 | D:5      | Noticed Blork the orc
  4328 | D:5      | Reached * piety under Okawaru
  4329 | D:5      | Reached skill level 1 in Evocations
  4340 | D:5      | Killed Blork the orc
  4341 | D:5      | Reached skill level 5 in Fighting
  4341 | D:5      | Reached skill level 5 in Armour
  4415 | D:5      | Reached XP level 8. HP: 49/49 MP: 9/9
  4563 | D:5      | Identified the amulet "Kackor" {Acrobat rPois Int+3 Slay+6}
  4574 | D:5      | Noticed Esekla's ghost (weakling OpDe)
  5086 | D:6      | Noticed Grinder
  5092 | D:6      | Reached skill level 6 in Axes
  5093 | D:6      | Paralysed by Grinder for 5 turns
  5099 | D:6      | Paralysed by Grinder for 3 turns
  5102 | D:6      | Killed Grinder
  5102 | D:6      | Reached ** piety under Okawaru
  5378 | D:1      | Bought a scroll of brand weapon for 123 gold pieces
  5649 | D:6      | Reached XP level 9. HP: 51/54 MP: 11/11
  5893 | D:6      | Reached skill level 7 in Axes
  6248 | D:7      | Found Kigemyas's Weapon Emporium.
  6595 | D:7      | Gained mutation: You occasionally lose the ability to drink
                  | potions when taking damage. [potion of mutation]
  6595 | D:7      | Gained mutation: Potions are less effective at restoring
                  | your health. [potion of mutation]
  6595 | D:7      | Gained mutation: You are vulnerable to heat. (rF-) [potion
                  | of mutation]
  6596 | D:7      | Lost mutation: You are vulnerable to heat. (rF-) [potion of
                  | mutation]
  6596 | D:7      | Lost mutation: Potions are less effective at restoring your
                  | health. [potion of mutation]
  6596 | D:7      | Gained mutation: Potions are less effective at restoring
                  | your health. [potion of mutation]
  6596 | D:7      | Gained mutation: Your large and strong wings let you fly.
                  | [potion of mutation]
  6596 | D:7      | Gained mutation: You have an increased reservoir of magic.
                  | (+10% MP) [potion of mutation]
  6597 | D:7      | Lost mutation: Your large and strong wings let you fly.
                  | [potion of mutation]
  6597 | D:7      | Lost mutation: Potions are less effective at restoring your
                  | health. [potion of mutation]
  6597 | D:7      | Gained mutation: You are somewhat resistant to further
                  | mutation. [potion of mutation]
  6597 | D:7      | Gained mutation: You are robust. (+10% HP) [potion of
                  | mutation]
  6597 | D:7      | Gained mutation: You are dopey. (Int -2) [potion of
                  | mutation]
  6711 | D:7      | Reached *** piety under Okawaru
  6787 | D:7      | Noticed Prince Ribbit
  6800 | D:7      | Killed Prince Ribbit
  7411 | D:8      | Reached skill level 8 in Axes
  7488 | D:8      | Reached skill level 5 in Shields
  7488 | D:8      | Reached skill level 5 in Invocations
  7492 | D:8      | Reached XP level 10. HP: 52/66 MP: 13/15
  7671 | D:8      | Reached **** piety under Okawaru
  7678 | D:8      | Noticed a boulder beetle
  7687 | D:8      | Killed a boulder beetle
  7784 | D:8      | Found a radiant altar of Vehumet.
  7852 | D:8      | Reached skill level 9 in Axes
  8055 | D:8      | Found a glowing golden altar of the Shining One.
  8204 | D:8      | Reached ***** piety under Okawaru
  8205 | D:8      | Reached skill level 5 in Evocations
  8935 | D:9      | Slain by a hornet

Illustrated notes

Levels and vault maps discovered:
D:1:      erik_arrival_orb_chamber, layout_basic, serial_shops,
          nicolae_shop_tiny_waterfront, shop, shop, minmay_door_square,
          minmay_lizard_king
D:2:      layout_loops_ring
D:3:      layout_basic, serial_shops, shop_fountains, uniq_robin, uniq_ijyb
D:4:      layout_cave_pods, mainiacjoe_overflow_catwalk_spiral,
          minmay_temple_entry_mini_moons, ebering_ghost_reflecting_pool,
          grunt_ministairs_2, minmay_fire_ice_demons
D:5:      layout_loops_ring, gammafunk_ghost_gnarly_gnolls, uniq_blork_the_orc
D:6:      layout_loops_ring, uniq_grinder
D:7:      layout_cave_pods, serial_shops, nicolae_shop_hallway_stairs,
          st_stairs_14, uniq_prince_ribbit1
D:8:      layout_loops_ring, amcnicky_altar_gilded, vehumet_crystals,
          serial_undead, serial_undead_f, serial_undead_b, serial_undead_a,
          serial_undead_f
D:9:      kennysheep_town
Temple:   nicolae_temple_bog_church

Skill      XL: |  1  2  3  4  5  6  7  8  9 10 |
---------------+-------------------------------+-----
Axes           | 2 3 4 5 6 8 9 |  9.6
Fighting       | 4 5 6 7 |  7.1
Armour         | 4 5 6 7 |  7.5
Shields        | 4 5 |  5.7
Invocations    | 2 3 5 6 |  6.3
Evocations     | 1 2 4 5 |  5.2

Action                     |  1- 3 |  4- 6 |  7- 9 | 10-12 || total
---------------------------+-------+-------+-------+-------++-------
  Melee: War axe           |    89 |    75 |       |       ||   164
         Broad axe         |       |    48 |   144 |   102 ||   294
    Use: Scroll            |     7 |     6 |     4 |       ||    17
         Potion            |       |       |     4 |       ||     4
 Armour: Scale mail        |    53 |   117 |    97 |   110 ||   377
  Dodge: Dodged            |    48 |    71 |    75 |    60 ||   254
  Block: Buckler           |    18 |    41 |    38 |    47 ||   144

Table legend: (Time is in decaauts)
 A = Elapsed time spent in this place.
 B = Non-inter-level travel time spent in this place.
 C = Inter-level travel time spent in this place.
 D = Time resting spent in this place.
 E = Time spent auto-exploring this place.
 F = Levels seen in this place.
 G = Mean time per level.
                   A        B        C        D        E       F      G
               +--------+--------+--------+--------+--------+-----+--------+
         Total |   9153 |   8464 |    689 |   1360 |   5323 |  10 |  915.3 |
       Dungeon |   9067 |   8395 |    672 |   1360 |   5272 |   9 | 1007.4 |
        Temple |     86 |     69 |     17 |      0 |     51 |   1 |   86.0 |
               +--------+--------+--------+--------+--------+-----+--------+

Top non-repeatable levels by time:
     D:1: 1297 daAuts
     D:8: 1280 daAuts
     D:3: 1154 daAuts
     D:4: 1146 daAuts
     D:7: 1123 daAuts
     D:2: 970 daAuts
     D:6: 921 daAuts
     D:5: 848 daAuts
     D:9: 322 daAuts
  Temple: 86 daAuts
